 Dungeon Crawl Stone Soup version 0.26-a0-946-g9485abf61d (webtiles) character file.

Game seed: 5287635491120765966

67 Forecaster the Magician (level 4, -1/36 HPs)
             Began as a Naga Hedge Wizard on Nov 28, 2020.
             Killed by divine providence
             ... invoked by an orc priest
              (9 damage)
             ... on level 3 of the Dungeon.
             The game lasted 00:07:40 (2247 turns).

Forecaster the Magician (Naga Hedge Wizard)         Turns: 2247, Time: 00:07:40

Health: -1/36      AC:  3    Str: 12    XL:     4   Next: 18%
Magic:  2/9        EV: 10    Int: 16    God:
Gold:   123        SH:  5    Dex: 10    Spells: 5/10 levels left

rFire    + . .     SeeInvis +   h - +1 dagger (drain)
rCold    . . .     Faith    .   (no shield)
rNeg     . . .     Spirit   .   b - +0 robe
rPois    +         Reflect  +   c - +0 hat
rElec    .         Harm     .   q - +0 cloak
rCorr    .         Rampage  .   (no gloves)
MR       .....                  (no barding)
Stlth    ++........             p - amulet of reflection
HPRegen  0.12/turn              l - ring of protection from fire
MPRegen  0.11/turn              (no ring)

@: very slow
A: large, see invisible, deformed body, poison resistance, slowness 2, spit
poison 1, AC +1
a: Spit Poison


You were on level 3 of the Dungeon.
You visited 1 branch of the dungeon, and saw 3 of its levels.

You collected 123 gold pieces.

Inventory:

Hand Weapons
 a - a +0 dagger
 h - a +1 dagger of draining (weapon)
Armour
 b - a +0 robe (worn)
 c - a +0 hat (worn)
 q - a +0 cloak (worn)
Jewellery
 l - a ring of protection from fire (left hand)
 p - an amulet of reflection (around neck)
Wands
 s - a wand of polymorph (2)
Scrolls
 d - 2 scrolls of enchant armour {unknown}
 e - a scroll of teleportation {unknown}
 g - 3 scrolls of identify {unknown}
 i - a scroll of immolation {unknown}
 m - a scroll of fear {unknown}
 o - a scroll of remove curse {unknown}
 r - 2 scrolls of amnesia {unknown}
Potions
 f - a potion of attraction {unknown}
 j - a potion of mutation {unknown}
 k - a potion of heal wounds {unknown}
 n - a potion of degeneration {unknown}


   Skills:
 + Level 0.1 Fighting
 + Level 0.6 Short Blades
 + Level 2.1 Dodging
 + Level 3.5 Stealth
 + Level 3.6 Spellcasting
 + Level 1.7 Conjurations
 + Level 1.3 Summonings
 + Level 1.0 Translocations


You had 5 spell levels left.
You knew the following spells:

 Your Spells              Type           Power        Failure   Level
a - Magic Dart            Conj           #...         9%          1
b - Call Imp              Summ           #.......     16%         2
c - Blink                 Tloc           N/A          17%         2

Your spell library contained the following spells:

 Spells                   Type           Power        Failure   Level
 Slow                     Hex            #.......     26%         2
 Conjure Flame            Conj/Fire      #.......     36%         3
 Mephitic Cloud           Conj/Pois/Air  #.......     38%         3


Dungeon Overview and Level Annotations

Branches:
Dungeon (3/15)

Altars:


Innate Abilities, Weirdness & Mutations

You cannot wear boots.
Your serpentine skin is tough. (AC +1)
You have supernaturally acute eyesight. (SInv)
Armour fits poorly on your strangely shaped body.
Your system is resistant to poisons. (rPois)
You cover ground very slowly.
You can spit poison.


Message History

You barely miss the orc priest.
The orc priest is heavily wounded.
The orc priest calls down the wrath of Beogh upon you.
Beogh smites you!
* * * LOW HITPOINT WARNING * * *
You closely miss the orc priest.
The orc priest is heavily wounded.
The orc priest hits you with a +0 falchion.
* * * LOW HITPOINT WARNING * * *
You hit the orc priest.
The orc priest is severely wounded.
The orc priest closely misses you.
You closely miss the orc priest.
The orc priest is severely wounded.
The orc priest hits you but does no damage.
You hit the orc priest but do no damage.
The orc priest is severely wounded.
The orc priest invokes the aid of Beogh against you.
Beogh smites you!
You die...

.... #..# #. #..#
###.####.. .......o[
....##S# #.#.##o#
#.#)##@#
#####....#.#####
..#........)...#########
#.#.#....#.)..()........
#.#.#.#.##..##.########.
#.#.#.#.##..<.).#
#.####.#.#.......##.<#
#................##..#
#.####.)..######.##..#


You could see an orc priest (drained), an adder and an orc.

Vanquished Creatures
  An adder (D:2)
  2 dart slugs (D:1)
  A leopard gecko (D:1)
  5 orcs (D:3)
  2 giant cockroaches
  4 goblins
  3 bats
  A frilled lizard (D:1)
  5 kobolds
  4 rats
28 creatures vanquished.

Vanquished Creatures (collateral kills)
  Ijyb (D:3)
  A worm (D:2)
  A leopard gecko (D:3)
  2 orcs (D:3)
5 creatures vanquished.

Grand Total: 33 creatures vanquished

Notes
Turn   | Place    | Note
-------+----------+-------------------------------------------
     0 | D:1      | Forecaster the Naga Hedge Wizard began the quest for the
                  | Orb.
     0 | D:1      | Reached XP level 1. HP: 15/15 MP: 4/4
   396 | D:1      | Reached XP level 2. HP: 6/22 MP: 0/6
   399 | D:1      | Learned a level 2 spell: Call Imp
   402 | D:1      | Learned a level 2 spell: Blink
  1389 | D:2      | Reached XP level 3. HP: 28/28 MP: 5/7
  2042 | D:3      | Noticed Ijyb
  2074 | D:3      | Killed Ijyb
  2101 | D:3      | Reached XP level 4. HP: 22/36 MP: 0/9
  2247 | D:3      | Killed from afar by an orc priest

Illustrated notes

Levels and vault maps discovered:
D:1:      ncdulo_halloftheorcs, layout_rooms
D:2:      layout_basic
D:3:      layout_loops_ring, uniq_natasha, uniq_ijyb

Skill      XL: |  1  2 |
---------------+-------+-----
Dodging        | 2 |  2.1
Fighting       | |  0.1
Short Blades   | |  0.6
Stealth        | |  3.5
Spellcasting   | |  3.6
Conjurations   | |  1.7
Summonings     | |  1.3
Translocations | |  1.0

Action                   |  1- 3 |  4- 6 || total
-------------------------+-------+-------++-------
Melee: Dagger            |    26 |    22 ||    48
       Unarmed           |     1 |       ||     1
 Cast: Magic Dart        |    55 |    10 ||    65
       Call Imp          |     9 |       ||     9
Armor: Robe              |     5 |     2 ||     7
Dodge: Dodged            |    19 |     4 ||    23
Block: Other             |     2 |     6 ||     8
       Reflection        |       |     1 ||     1

Table legend: (Time is in decaauts)
 A = Elapsed time spent in this place.
 B = Non-inter-level travel time spent in this place.
 C = Inter-level travel time spent in this place.
 D = Time resting spent in this place.
 E = Time spent auto-exploring this place.
 F = Levels seen in this place.
 G = Mean time per level.
                   A        B        C        D        E       F      G
               +--------+--------+--------+--------+--------+-----+--------+
         Total |   2616 |   2542 |     74 |    317 |   1860 |   3 |  872.0 |
       Dungeon |   2616 |   2542 |     74 |    317 |   1860 |   3 |  872.0 |
               +--------+--------+--------+--------+--------+-----+--------+

Top non-repeatable levels by time:
     D:1: 1292 daAuts
     D:2: 1102 daAuts
     D:3: 221 daAuts
